 Dungeon Crawl Stone Soup version 0.31-a0-640-g39d97e502b (webtiles) character file.

Game seed: 11977233237309449976

1557 rvierbuc the Trooper (level 8, 0/64 HPs)
             Began as a Demonspawn Fighter on Aug 28, 2023.
             Was an Initiate of Gozag.
             Succumbed to a water moccasin's poison
             ... on level 6 of the Dungeon.
             The game lasted 00:14:38 (6065 turns).

rvierbuc the Trooper (Demonspawn Fighter)           Turns: 6065, Time: 00:14:39

Health: 0/64       AC: 19    Str: 26    XL:     8   Next: 58%
Magic:  8/8        EV:  8    Int: 13    God:    Gozag
Gold:   261        SH:  5    Dex: 12    Spells: 7/7 levels left

rFire   . . .        a - +0 war axe
rCold   + . .        c - +0 buckler
rNeg    . . .        G - +2 chain mail {rC+}
rPois   .            y - +0 helmet
rElec   .            j - +0 cloak
rCorr   .            l - +0 pair of gloves
SInv    .            (no boots)
Will    .....        (no amulet) Stlth
                     m - +4 ring of protection
HPRegen 0.30/turn    s - +6 ring of strength
MPRegen 0.11/turn

%: no passive effects
@: lethally poisoned (0 -> -9)
A: foul stench 3, big brain 2
a: Renounce Religion, Potion Petition, Call Merchant, Bribe Branch


You were on level 6 of the Dungeon.
You worshipped Gozag.
Gozag was aware of your devotion.
You visited 2 branches of the dungeon, and saw 7 of its levels.

You collected 515 gold pieces.
You spent 172 gold pieces at shops.
You paid 82 gold pieces to Gozag.

Inventory:

Hand Weapons
 a - a +0 war axe (weapon)
 i - a +0 war axe
 F - a +1 orcbow of electrocution
 K - a +1 heavy battleaxe
 L - a +0 war axe
Missiles
 h - 3 throwing nets
 x - 9 poisoned darts
Armour
 b - a +0 scale mail
 c - a +0 buckler (worn)
 j - a +0 cloak (worn)
 l - a +0 pair of gloves (worn)
 v - a +0 pair of gloves
 y - a +0 helmet (worn)
 B - +0 ice dragon scales
 G - a +2 chain mail of cold resistance (worn)
Jewellery
 m - a +4 ring of protection (left hand)
 s - a +6 ring of strength (right hand)
 E - an amulet of the acrobat
Wands
 u - a wand of paralysis (10)
Scrolls
 o - 3 scrolls of identify {unknown}
 p - a scroll of silence {unknown}
 q - 2 scrolls of enchant weapon {unknown}
 r - 3 scrolls of fear {unknown}
 t - 2 scrolls of teleportation {unknown}
 w - a scroll of vulnerability {unknown}
 z - a scroll of noise {unknown}
 A - a scroll of enchant armour {unknown}
 D - a scroll of amnesia {unknown}
 I - a scroll of revelation {unknown}
Potions
 d - 3 potions of might
 e - 2 potions of lignification {unknown}
 f - 2 potions of attraction {unknown}
 g - a potion of cancellation {unknown}
 k - 3 potions of curing {unknown}
 n - a potion of brilliance {unknown}
 C - a potion of ambrosia {unknown}
 H - a potion of invisibility {unknown}
 J - a potion of mutation {unknown}


   Skills:
 + Level 6.1 Fighting
 + Level 5.2 Axes
 + Level 5.6 Armour
 + Level 5.6 Shields


You had 7 spell levels left.
You didn't know any spells.
Your spell library contained the following spells:

 Spells                   Type           Power      Damage    Failure   Level
 Magic Dart               Conj           0%         1d3       86%         1
 Shock                    Conj/Air       0%         1d3       86%         1
 Call Imp                 Summ           0%         N/A       94%         2
 Poisonous Vapours        Pois/Air       0%         N/A       94%         2
 Sublimation of Blood     Necr           0%         N/A       94%         2
 Dazzling Flash           Conj/Hex       0%         N/A       99%         3
 Ignite Poison            Fire/Tmut/Pois 0%         N/A       99%         3
 Mephitic Cloud           Conj/Pois/Air  0%         N/A       99%         3
 Swiftness                Air            0%         N/A       99%         3
 Tukima's Dance           Hex            0%         N/A       99%         3
 Volatile Blastmotes      Fire/Tloc      0%         2d10      99%         3
 Airstrike                Air            0%         2d(0-16)  100%        4
 Passage of Golubria      Tloc           0%         N/A       100%        4
 Petrify                  Tmut/Erth      0%         N/A       100%        4
 Sticky Flame             Conj/Fire      0%         2d3       100%        4
 Freezing Cloud           Conj/Ice/Air   0%         6-21      100%        5
 Irradiate                Conj/Tmut      0%         3d11      100%        5
 Yara's Violent Unravell  Hex/Tmut       0%         3d3       100%        5
 Starburst                Conj/Fire      0%         6d3       100%        6
 Ignition                 Fire           0%         3d3       100%        8
 Maxwell's Capacitive Co  Air            0%         ∞         100%        8


Dungeon Overview and Level Annotations

Branches:
Dungeon (6/15)             Temple (1/1) D:5

Altars:
Ashenzari
Cheibriados
Dithmenos
Fedhas
Gozag
Hepliaklqana
Kikubaaqudgha
Makhleb
Nemelex Xobeh
Okawaru
Qazlal
Ru
Sif Muna
Trog
Uskayaw
Vehumet
Wu Jian
Xom
Yredelemnul

Shops:
D:2 ![


Innate Abilities, Weirdness & Mutations

You frequently emit foul miasma when damaged in melee.
You have an extremely huge brain. (Int +4)


Message History

The water moccasin bites you but does no damage.
You slash the water moccasin!
The water moccasin is moderately wounded.
You barely miss the ogre.
You feel extremely sick. The water moccasin barely misses you.
The ogre closely misses you.
The water moccasin bites you but does no damage.
You miss the water moccasin.
The water moccasin is moderately wounded.
You barely miss the ogre. You hit the adder.
You feel very sick. You block the adder's attack.
The water moccasin closely misses you. The ogre hits you with a +0 giant club!
The adder bites you but does no damage.
You closely miss the water moccasin.
The water moccasin is moderately wounded.
You miss the adder. You completely miss the ogre.
You feel very sick. The water moccasin barely misses you.
The adder bites you but does no damage. The water moccasin bites you.
You are more poisoned.
The water moccasin poisons you! You block the ogre's attack.
The adder bites you but does no damage.
* * * LOW HITPOINT WARNING * * *
You feel very sick. The water moccasin barely misses you.
The adder attacks as it pursues you! The adder barely misses you.
The water moccasin bites you.
* * * LOW HITPOINT WARNING * * *
* * * LOW HITPOINT WARNING * * *
You feel very sick. You block the water moccasin's attack.
* * * LOW HITPOINT WARNING * * *
You feel very sick.
The water moccasin bites you but does no damage.
The adder attacks as it pursues you! The adder bites you.
* * * LOW HITPOINT WARNING * * *
* * * LOW HITPOINT WARNING * * *
You feel sick.
The water moccasin bites you but does no damage.
You die...
Your body crumbles into a pile of gold.

##.#.....[# #.#####.###
#..####.#####.# #......
#..####.......###.#....
###....#####.....).......
.####...####...########......
......#.##.......## #......
#.####...#.O.###...## #.#....
........##.S##?##...# #...#..
.#####..###..@.##...# ##.###.
####..#.######...## ### ##
#.....#.........## #
#.............### ##
#.##.##....####... ####.
........####.:......# #.#.#
###.##.##....####...##l. #..#
# ... ........###.. # #...
....##.........##.. ##...


You could see a water moccasin.

Vanquished Creatures
  A steam dragon (D:6)
  An ice beast (D:5)
  A centaur (D:5)
  A bullfrog (D:6)
  A gnoll sergeant (D:5)
  3 scorpions
  4 wights (D:6)
  3 hounds
  2 orc priests
  A jelly (D:4)
  A gnoll bouda (D:5)
  Ijyb (D:3)
  4 iguanas
  An orc wizard (D:6)
  2 sleepcaps
  17 gnolls (D:5)
  8 adders
  2 worms
  A dart slug (D:4)
  14 orcs
  10 ball pythons
  6 endoplasms
  3 giant cockroaches
  4 goblins
  9 hobgoblins
  6 kobolds
  8 quokkas
  4 bats
  3 frilled lizards
  9 rats
131 creatures vanquished.

Notes
Turn   | Place    | Note
-------+----------+-------------------------------------------
     0 | D:1      | rvierbuc the Demonspawn Fighter began the quest for the
                  | Orb.
     0 | D:1      | Reached XP level 1. HP: 18/18 MP: 1/1
   331 | D:1      | Gained mutation: You may rarely emit foul miasma when
                  | damaged in melee. [demonic ancestry]
   331 | D:1      | Reached XP level 2. HP: 23/24 MP: 2/2
   958 | D:2      | Found Ness's Distillery.
  1134 | D:2      | Gained mutation: You sometimes emit foul miasma when
                  | damaged in melee. [demonic ancestry]
  1134 | D:2      | Reached XP level 3. HP: 29/29 MP: 3/3
  1208 | D:2      | Found Jing's Antique Armour Boutique.
  1438 | D:2      | You fall into a shaft and drop 2 floors!
  1454 | D:4      | Gained mutation: You have an unusually large brain. (Int
                  | +2) [demonic ancestry]
  1454 | D:4      | Reached XP level 4. HP: 35/35 MP: 4/4
  1577 | D:4      | Noticed a scorpion
  1590 | D:4      | Killed a scorpion
  1634 | D:3      | Reached XP level 5. HP: 37/42 MP: 5/5
  1731 | D:3      | Reached skill level 4 in Fighting
  2157 | D:3      | Noticed Ijyb
  2162 | D:3      | Paralysed by Ijyb for 4 turns
  2168 | D:3      | Killed Ijyb
  2736 | D:4      | Gained mutation: You have an extremely huge brain. (Int +4)
                  | [demonic ancestry]
  2736 | D:4      | Reached XP level 6. HP: 35/48 MP: 6/6
  2877 | D:4      | Found a blossoming altar of Fedhas.
  3463 | D:5      | Entered Level 5 of the Dungeon
  3774 | D:5      | Reached XP level 7. HP: 51/55 MP: 7/7
  3999 | D:5      | Reached skill level 5 in Fighting
  4117 | D:5      | Found a staircase to the Ecumenical Temple.
  4135 | Temple   | Entered the Ecumenical Temple
  4290 | Temple   | Became a worshipper of Gozag Ym Sagoz the Greedy
  4948 | D:5      | Reached skill level 5 in Armour
  4948 | D:5      | Reached skill level 5 in Shields
  5262 | D:6      | Gained mutation: You frequently emit foul miasma when
                  | damaged in melee. [demonic ancestry]
  5262 | D:6      | Reached XP level 8. HP: 63/63 MP: 8/8
  5438 | D:2      | Bought a glowing chain mail for 172 gold pieces
  5997 | D:6      | Reached skill level 6 in Fighting
  5997 | D:6      | Reached skill level 5 in Axes
  6064 | D:6      | HP: 2/64 [poisoned by a water moccasin]
  6065 | D:6      | Succumbed to a water moccasin's poison

Illustrated notes

Levels and vault maps discovered:
D:1:      ncdulo_watergridlock, layout_loops_cross
D:2:      layout_basic, serial_shops, nicolae_shop_window_shopping,
          nicolae_square_shop
D:3:      layout_loops_cross, uniq_ijyb
D:4:      layout_layer_cave, mainiacjoe_overflow_catwalk
D:5:      layout_basic, minmay_temple_entry_purple_smoke,
          serial_co_window_serial, co_window_corner_a, co_window_corner_a,
          co_window_of_opportunity_a, co_window_paths_a, co_window_paths_b,
          co_window_paths_a, co_window_2corner, co_window_2corner,
          co_window_of_opportunity_b, co_window_4corner_a, glass_columns_a,
          glass_columns_c
D:6:      layout_loops_cross, minmay_puff
Temple:   kilobyte_greek_temple

Skill      XL: |  1  2  3  4  5  6  7  8 |
---------------+-------------------------+-----
Axes           | 2 3 4 5 |  5.2
Shields        | 3 4 5 |  5.6
Armour         | 3 4 5 |  5.6
Fighting       | 4 5 6 |  6.1

Action                     |  1- 3 |  4- 6 |  7- 9 || total
---------------------------+-------+-------+-------++-------
  Melee: War axe           |   102 |   156 |   204 ||   462
 Armour: Scale mail        |    68 |    82 |    65 ||   215
         Chain mail        |       |       |    62 ||    62
  Dodge: Dodged            |    46 |    70 |    84 ||   200
  Block: Buckler           |    25 |    42 |    45 ||   112

Table legend: (Time is in decaauts)
 A = Elapsed time spent in this place.
 B = Non-inter-level travel time spent in this place.
 C = Inter-level travel time spent in this place.
 D = Time resting spent in this place.
 E = Time spent auto-exploring this place.
 F = Levels seen in this place.
 G = Mean time per level.
                   A        B        C        D        E       F      G
               +--------+--------+--------+--------+--------+-----+--------+
         Total |   6235 |   5783 |    452 |      0 |   4483 |   7 |  890.7 |
       Dungeon |   6032 |   5622 |    410 |      0 |   4411 |   6 | 1005.3 |
        Temple |    202 |    160 |     42 |      0 |     72 |   1 |  202.0 |
               +--------+--------+--------+--------+--------+-----+--------+

Top non-repeatable levels by time:
     D:5: 1675 daAuts
     D:4: 1251 daAuts
     D:2: 1007 daAuts
     D:1: 751 daAuts
     D:3: 721 daAuts
     D:6: 625 daAuts
  Temple: 202 daAuts
